 Dungeon Crawl Stone Soup version 0.25.1-2-g60ff931df9 (webtiles) character file.

Game seed: 17506606029629592261

30 H0rd4k the Charlatan (level 3, 0/26 HPs)
             Began as a Human Artificer on Sept 10, 2020.
             Slain by Terence
             ... wielding a +0 flail
              (8 damage)
             ... on level 1 of the Dungeon.
             The game lasted 00:01:16 (1433 turns).

H0rd4k the Charlatan (Human Artificer)              Turns: 1433, Time: 00:01:17

Health: 0/26       AC:  3    Str: 13    XL:     3   Next: 37%
Magic:  5/5        EV: 12    Int: 11    God:
Gold:   88         SH:  0    Dex: 13    Spells: 2/2 levels left

rFire    . . .     SeeInvis .   a - +0 short sword
rCold    . . .     Gourm    .   (no shield)
rNeg     . . .     Faith    +   b - +0 leather armour
rPois    .         Spirit   .   (no helmet)
rElec    .         Reflect  .   (no cloak)
rCorr    .         Harm     .   (no gloves)
MR       .....                  (no boots)
Stlth    +.........             o - amulet of faith
HPRegen  0.08/turn              (no ring)
MPRegen  0.09/turn              (no ring)

@: no status effects
A: no striking features
a: no special abilities


You were on level 1 of the Dungeon.
You were hungry.

You visited 1 branch of the dungeon, and saw 2 of its levels.

You collected 88 gold pieces.

Inventory:

Hand Weapons
 a - a +0 short sword (weapon)
Armour
 b - a +0 leather armour (worn)
Jewellery
 o - an amulet of faith (around neck)
Wands
 c - a wand of flame (15)
 d - a wand of enslavement (14)
 e - a wand of random effects (11)
Scrolls
 g - a scroll of fog {unknown}
 j - a scroll of teleportation {unknown}
 l - 2 scrolls of blinking {unknown}
 m - a scroll of remove curse {unknown}
 p - a scroll of random uselessness {unknown}
Potions
 h - a potion of mutation {unknown}
 i - 2 potions of haste {unknown}
 n - a potion of curing {unknown}
Comestibles
 f - 3 rations


   Skills:
 + Level 1.0 Fighting
 + Level 1.3 Short Blades
 + Level 0.6 Armour
 + Level 2.4 Dodging
 + Level 1.0 Stealth
 + Level 3.6 Evocations


You had 2 spell levels left.
You didn't know any spells.
Your spell library was empty.

Dungeon Overview and Level Annotations

Branches:
Dungeon (2/15)

Altars:

Annotations:
D:1 Terence


Message History

You hit Terence but do no damage.
Terence is heavily wounded.
Terence gestures wildly.
Terence misses you.
You hit Terence but do no damage.
Terence is heavily wounded.
You hit Terence but do no damage.
Terence is heavily wounded.
Terence barely misses you.
You hit Terence but do no damage.
Terence is heavily wounded.
You catch the helpless Terence completely off-guard!
You hit Terence but do no damage.
Terence is heavily wounded.
Terence completely misses you.
You hit Terence.
Terence is heavily wounded.
Terence asks, "Where am I?"
Terence hits you with a +0 flail!
You die...

#############....####.###..
#######...).........#.#.........#
#.........#########...........#.#
........#.# #.#.#)###.#.#.#
......###.## #.#...# #.#.#..
..###.##...## #.###.# #.#.###
..###.#.....## ##.###.# #.#.# #
..##.........#####.#.##.###.#.###
..#.............@.###....##.#...#
..#..........#.@##.#..#.#.#)....#
..#.#.#.....##..###......)..#...#
#.#.#.##........#####.#.#..###...
#...#.######>.........(..##.#..##
......#####.†.........#.####.#.##
##..###................#.....#.##
#..###.###...........#.######.##
#..##.#.###).........#.# ##.##


You could see Terence (confused).

Vanquished Creatures
  A dart slug (D:1)
  A leopard gecko (D:1)
  2 bats (D:1)
  3 giant cockroaches (D:1)
  6 goblins (D:1)
  3 hobgoblins (D:1)
  5 kobolds (D:1)
  A frilled lizard (D:1)
  2 rats (D:1)
24 creatures vanquished.

Vanquished Creatures (collateral kills)
  A hobgoblin (D:1)
1 creature vanquished.

Grand Total: 25 creatures vanquished

Notes
Turn   | Place    | Note
-------+----------+-------------------------------------------
     0 | D:1      | H0rd4k the Human Artificer began the quest for the Orb.
     0 | D:1      | Reached XP level 1. HP: 15/15 MP: 3/3
    32 | D:1      | Reached XP level 2. HP: 12/21 MP: 4/4
   529 | D:1      | Reached XP level 3. HP: 17/26 MP: 5/5
  1284 | D:2      | Noticed Terence
  1433 | D:1      | Slain by Terence

Illustrated notes

Levels and vault maps discovered:
D:1:      scummos_arrival_hexagon, layout_loops_ring
D:2:      layout_loops_corners, cheibriados_altar_1, first_ration, uniq_sigmund,
          uniq_terence

Action                   || total
-------------------------++-------
Melee: Short sword       ||   109
Evoke: Wand              ||     5
 Stab: Confused          ||     1
  Eat: Chunk             ||     1
Armor: Leather armour    ||    36
Dodge: Dodged            ||    77
